 Dungeon Crawl Stone Soup version 0.30.1-3-gfc49f6343a (webtiles) character file.

Game seed: 15974417434442606603

80 TrollFarmer the Trooper (level 4, -5/41 HPs)
             Began as a Minotaur Berserker on Aug 6, 2023.
             Was a Believer of Trog.
             Succumbed to Ijyb's poison
             ... on level 3 of the Dungeon.
             The game lasted 00:05:48 (1637 turns).

TrollFarmer the Trooper (Minotaur Berserker)        Turns: 1637, Time: 00:05:49

Health: -5/41      AC:  8    Str: 24    XL:     4   Next: 18%
Magic:  3/3        EV: 10    Int:  4    God:    Trog [**....]
Gold:   127        SH:  0    Dex:  9    Spells: 3/3 levels left

rFire   . . .        a - +0 mace
rCold   . . .        (no shield)
rNeg    . . .        h - +0 scale mail
rPois   .            (helmet restricted)
rElec   .            (no cloak)
rCorr   .            (no gloves)
SInv    .            g - +0 pair of boots
Will    .....        (no amulet) Stlth
                     (no ring)
HPRegen 0.26/turn    (no ring)
MPRegen 0.08/turn

%: no passive effects
@: lethally poisoned (-5 -> -49)
A: horns 2, retaliatory headbutt
a: Renounce Religion, Berserk, Trog's Hand


You were on level 3 of the Dungeon.
You worshipped Trog.
Trog was pleased with you.
You visited 1 branch of the dungeon, and saw 3 of its levels.

You collected 127 gold pieces.

Inventory:

Hand Weapons
 a - a +0 mace (weapon)
Missiles
 i - 5 atropa-tipped darts (quivered)
 k - 2 datura-tipped darts
Armour
 b - a +0 animal skin
 g - a +0 pair of boots (worn)
 h - a +0 scale mail (worn)
Scrolls
 c - 3 scrolls of identify {unknown}
 d - a scroll of enchant armour {unknown}
 f - a scroll of enchant weapon {unknown}
 m - a scroll of teleportation {unknown}
Potions
 e - a potion of degeneration {unknown}
 j - a potion of flight {unknown}
 l - a potion of haste {unknown}


   Skills:
 + Level 4.6 Fighting
 + Level 4.5 Maces & Flails
 + Level 3.7 Armour
 - Level 2.2 Dodging


You had 3 spell levels left.
You didn't know any spells.
Your spell library was empty.

Dungeon Overview and Level Annotations

Branches:
Dungeon (3/15)

Altars:

Shops:
D:3 *

Annotations:
D:3 Ijyb


Innate Abilities, Weirdness & Mutations

You have a pair of horns on your head.
You reflexively headbutt those who attack you in melee.


Message History

You escape the roots grasp.
You hit Ijyb but do no damage.
Ijyb zaps a wand.
The roots erupt in riotous growth!
The grasping roots grab you!
Ijyb is unaffected.
The grasping roots constrict you. Ijyb hits you but does no damage.
You are poisoned.
The grasping roots constrict you.
You barely miss Ijyb.
You feel sick. Ijyb hits you but does no damage.
The grasping roots constrict you.
You closely miss Ijyb.
You feel sick.
Ijyb hits you with a +0 dagger of venom.
The grasping roots constrict you.
The grasping roots release their grip on you.
You thump Ijyb! You headbutt Ijyb.
Ijyb is heavily wounded.
You feel sick. Ijyb hits you but does no damage.
You are more poisoned.
You hit Ijyb but do no damage.
Ijyb is heavily wounded.
You feel very sick. Ijyb hits you but does no damage.
You closely miss Ijyb.
Ijyb is heavily wounded.
You feel very sick. Ijyb hits you but does no damage.
You are lethally poisoned!
You barely miss Ijyb. You headbutt Ijyb.
Ijyb is severely wounded.
* * * LOW HITPOINT WARNING * * *
You feel very sick. Ijyb screams, "Me stronger than you!"
Ijyb hits you but does no damage.
You are more poisoned.
Ijyb hits you with a +0 dagger of venom.
* * * LOW HITPOINT WARNING * * *
You are more poisoned.
You hit Ijyb.
Ijyb is severely wounded.
You die...

##### #.# #..#
..... #.# #..#
......#.# #..#
......#.# #..#
......#.###..####
........#.......#
.............##.#
.######.####.##.#
.######.# #.##@#
#........# #.##g#
.........# #.##.#
#.######.# #.##.#
#.# #.# #.##.#
#.# #.# #.##.#
#.# #.# ......
#.######.# ..#
.........#


You could see Ijyb.

Vanquished Creatures
  2 adders
  2 worms (D:2)
  2 dart slugs (D:2)
  4 endoplasms
  4 giant cockroaches
  2 goblins
  3 hobgoblins
  6 jackals
  2 quokkas (D:1)
  4 ball pythons
  5 bats
  3 frilled lizards
  5 kobolds
  5 rats (D:1)
49 creatures vanquished.

Notes
Turn   | Place    | Note
-------+----------+-------------------------------------------
     0 | D:1      | TrollFarmer the Minotaur Berserker began the quest for the
                  | Orb.
     0 | D:1      | Reached XP level 1. HP: 19/19 MP: 0/0
   286 | D:1      | Reached XP level 2. HP: 27/27 MP: 1/1
   524 | D:1      | Reached ** piety under Trog
   823 | D:2      | Reached XP level 3. HP: 33/33 MP: 2/2
  1515 | D:3      | Found Wiar's General Store.
  1549 | D:3      | Reached XP level 4. HP: 41/41 MP: 3/3
  1624 | D:3      | Noticed Ijyb
  1637 | D:3      | Succumbed to Ijyb's poison

Illustrated notes

Levels and vault maps discovered:
D:1:      psy_arrival_wood_between_worlds, layout_basic
D:2:      layout_basic
D:3:      layout_basic, serial_shops, nicolae_shop_tiny_real_fake_doors,
          gup_sewer_entry_bubbles, shapermc_ecumenical_altar_pompeii,
          uniq_crazy_yiuf_cottage, uniq_ijyb, uniq_terence, uniq_natasha

Skill      XL: |  1  2 |
---------------+-------+-----
Maces & Flails | 4 |  4.5
Fighting       | 4 |  4.6
Armour         | 3 |  3.7
Dodging        | |  2.2

Action                     |  1- 3 |  4- 6 || total
---------------------------+-------+-------++-------
  Melee: Mace              |    97 |    20 ||   117
         Headbutt          |    19 |     2 ||    21
         Punch             |     2 |       ||     2
 Armour: Animal skin       |     7 |       ||     7
         Scale mail        |    32 |    13 ||    45
  Dodge: Dodged            |    52 |     4 ||    56
